 Dungeon Crawl Stone Soup version 0.24.0-2-g5b39cebb1c (webtiles) character file.

Game seed: 9330591095254101900, levelgen mode: deterministic

694 zhorgal the Cleaver (level 7, 0/60 HPs)
             Began as a Minotaur Berserker on Oct 30, 2019.
             Was a Priest of Trog.
             Slain by a hornet (9 damage)
             ... on level 5 of the Dungeon.
             The game lasted 00:09:28 (4269 turns).

zhorgal the Cleaver (Minotaur Berserker)            Turns: 4269, Time: 00:09:29

Health: 0/60       AC:  9    Str: 23    XL:     7   Next: 37%
Magic:  6/6        EV: 11    Int:  4    God:    Trog [***...]
Gold:   158        SH:  0    Dex: 10    Spells: 6/6 levels left

rFire    . . .     SeeInvis .   w - +1 war axe
rCold    . . .     Gourm    .   (no shield)
rNeg     . . .     Faith    .   y - +0 scale mail
rPois    .         Spirit   .   (helmet restricted)
rElec    .         Reflect  .   (no cloak)
rCorr    .         Harm     .   r - +1 pair of gloves
MR       ++...                  (no boots)
Stlth    ..........             A - amulet of inaccuracy (curse)
HPRegen  1.20/turn              e - ring of attention (curse)
MPRegen  0.10/turn              (no ring)

@: lethally poisoned (0 -> 0), regenerating, hasted and slowed
A: retaliatory headbutt, horns 2
a: Berserk, Trog's Hand, Renounce Religion


You were on level 5 of the Dungeon.
You worshipped Trog.
Trog was most pleased with you.
You were near starving.

You visited 1 branch of the dungeon, and saw 5 of its levels.

You collected 158 gold pieces.

Inventory:

Hand Weapons
 s - a +0 hunting sling
 w - a +1 war axe (weapon)
Missiles
 j - 2 throwing nets (quivered)
 k - 125 stones
 o - 2 boomerangs
 q - 51 bolts
 t - 12 sling bullets
 v - 8 poisoned darts
Armour
 r - a +1 pair of gloves (worn)
 y - a +0 scale mail (worn)
Jewellery
 e - a cursed ring of attention (left hand)
 n - an uncursed amulet of rage
 A - a cursed amulet of inaccuracy (around neck)
Scrolls
 d - a scroll of identify
 f - 2 scrolls of enchant weapon
 i - a scroll of teleportation
Potions
 a - a potion of agility
 g - a potion of lignification
 h - 2 potions of heal wounds
 m - a potion of degeneration
 p - 3 potions of brilliance
 x - 2 potions of flight
Comestibles
 c - 11 rations


   Skills:
 + Level 4.8 Fighting
 * Level 8.9 Axes
 + Level 3.9 Armour
 + Level 3.5 Dodging


You had 6 spell levels left.
You didn't know any spells.
Your spell library was empty.

Dungeon Overview and Level Annotations

Branches:
Dungeon (5/15)
 Temple: D:4-7

Altars:
Gozag
Makhleb
Qazlal
Trog
Zin

Shops:
D:2 *


Innate Abilities, Weirdness & Mutations

You reflexively headbutt those who attack you in melee.
You have a pair of horns on your head.


Message History

You miss the hornet. Your headbutt misses the hornet.
The hornet is lightly wounded.
The hornet barely misses you. The hornet stings you.
* * * LOW HITPOINT WARNING * * *
You feel as though you will be slow longer.
Your skin crawls.
You feel resistant to hostile enchantments.
You feel somewhat more hungry. The hornet stings you!
* * * LOW HITPOINT WARNING * * *
You are poisoned.
You feel as though you will be slow longer.
You miss the hornet.
The hornet is lightly wounded.
You feel sick. The hornet barely misses you.
The hornet stings you but does no damage.
You slash the hornet! Your headbutt misses the hornet.
The hornet is moderately wounded.
You feel sick. The hornet closely misses you. You furiously retaliate!
You headbutt the hornet! The hornet stings you!
You die...

##'##..# #..........
#....#....# #..###.....
##.#...#.## #..# #..... +
##.##.+ #..# #..... # #.#..##
#.####..... ##. #####..##
#..........
#..##.#.##..###..###.....
.....#..........# #.###.
#..#.@######..# #.###.
#...#yl...#..###.....
##.##J...##.......... #.#
....##..#####... #.#
..####........#.
#..########.########..########
#.....................#### ##
#.#####.######............. ..
#........#####.....##.########


You could see a hornet, a jelly and a frilled lizard.

Vanquished Creatures
  Grinder (D:3)
  A sky beast (D:5)
  A scorpion (D:4)
  A crimson imp (D:5)
  An orc wizard (D:4)
  2 worker ants (D:4)
  Robin (D:2)
  4 gnolls
  10 adders
  An ooze (D:4)
  2 adder skeletons
  2 worms
  A dart slug (D:3)
  4 leopard geckos
  10 orcs
  5 bats
  3 giant cockroaches
  16 goblins
  14 hobgoblins
  3 jackals (D:3)
  2 ball pythons (D:2)
  4 frilled lizards
  6 kobolds
  A quokka skeleton (D:5)
  6 rats
102 creatures vanquished.

Notes
Turn   | Place    | Note
-------+----------+-------------------------------------------
     0 | D:1      | zhorgal the Minotaur Berserker began the quest for the Orb.
     0 | D:1      | Reached XP level 1. HP: 19/19 MP: 0/0
    11 | D:1      | Noticed a centaur
    62 | D:1      | Reached skill level 4 in Axes
    77 | D:1      | Reached XP level 2. HP: 24/26 MP: 1/1
   688 | D:2      | Found a faded altar of an unknown god.
   690 | D:2      | Found Zin's Purification Station.
   691 | D:2      | Found a glowing silver altar of Zin.
   692 | D:2      | Noticed Robin
   909 | D:2      | Reached skill level 5 in Axes
   916 | D:2      | Reached XP level 3. HP: 28/31 MP: 2/2
  1033 | D:2      | Killed Robin
  1033 | D:2      | Reached ** piety under Trog
  1196 | D:2      | Reached skill level 6 in Axes
  1196 | D:2      | Reached XP level 4. HP: 39/39 MP: 3/3
  1438 | D:2      | Found a stormy altar of Qazlal.
  1440 | D:2      | Noticed an air elemental
  1440 | D:2      | Noticed a water elemental
  1441 | D:2      | Noticed an earth elemental
  1441 | D:2      | Noticed a fire elemental
  2105 | D:3      | Noticed Grinder
  2108 | D:3      | You fall into a shaft and drop 1 floor!
  2108 | D:4      | Found a bloodstained altar of Trog.
  2119 | D:4      | Reached skill level 7 in Axes
  2119 | D:4      | Reached XP level 5. HP: 16/45 MP: 4/4
  2306 | D:3      | Found a burning altar of Makhleb.
  2306 | D:3      | Noticed a green death
  2648 | D:3      | Reached *** piety under Trog
  2861 | D:3      | Killed Grinder
  2861 | D:3      | Reached skill level 8 in Axes
  2861 | D:3      | Reached XP level 6. HP: 46/52 MP: 5/5
  3333 | D:4      | Reached XP level 7. HP: 49/60 MP: 6/6
  3649 | D:4      | Found an opulent altar of Gozag.
  3851 | D:5      | Entered Level 5 of the Dungeon
  4257 | D:5      | Noticed a hornet
  4269 | D:5      | Slain by a hornet

Levels and vault maps discovered:
D:1:      evilmike_arrival_come_back, layout_rooms, st_stairs_13,
          roderic_lattice_a
D:2:      layout_loops_ring, zin_purify, nicolae_qazlal_style_of_elements,
          chequers_ecumenical_altar_simple, first_ration, uniq_robin
D:3:      layout_basic, makhleb_altar_promises_db, uniq_grinder
D:4:      layout_rooms, lemuel_doored_altar, trog_book
D:5:      layout_basic, minmay_pentangle, uniq_pikel

Skill      XL: |  1  2  3  4  5  6 |
---------------+-------------------+-----
Axes           | 4 5 6 7 8 |  8.9
Fighting       | 4 |  4.8
Armour         | 3 |  3.9
Dodging        | 3 |  3.5

Action                   |  1- 3 |  4- 6 |  7- 9 || total
-------------------------+-------+-------+-------++-------
Melee: Hand axe          |    64 |    61 |       ||   125
       Headbutt          |     9 |    13 |     5 ||    27
       War axe           |       |    63 |    57 ||   120
Invok: Trog's Hand       |       |       |     1 ||     1
  Use: Potion            |       |     1 |     2 ||     3
       Scroll            |       |    10 |     2 ||    12
 Stab: Sleeping          |       |     2 |       ||     2
  Eat: Chunk             |     1 |     7 |     1 ||     9
Armor: Animal skin       |    11 |    20 |       ||    31
       Scale mail        |       |    25 |    30 ||    55
Dodge: Dodged            |    52 |    82 |    36 ||   170
